PAAA
MILTON DOGFISH HEAD @ ROYSE CITY TARGARYENS
09/01/2028
 
TOP OF THE 1ST
Milton Dogfish Head batting - Pitching for Royse City Targaryens : RHP Edward Whipp
Pitching: RHP Edward Whipp
Batting: RHB José Correa 0-0: Ball
1-0: Ball
2-0: Foul Ball, location: 2F
2-1: Foul Ball, location: 2F
2-2: Foul Ball, location: 2F
2-2: Fly out, F2 (Popup, 23)
Batting: LHB Víctor Robledo 0-0: SINGLE (Line Drive, 6MD)
Batting: RHB Bryce Bancroft 0-0: Ball
1-0: Foul Ball, location: 2F
1-1: Ball
2-1: Ball
3-1: Grounds into double play, 5-4-3 (Groundball, 56D)
Top of the 1st over - 0 run(s), 1 hit(s), 0 error(s), 0 left on base; Milton 0 - Royse City 0
BOTTOM OF THE 1ST
Royse City Targaryens batting - Pitching for Milton Dogfish Head : RHP Manny Pérez
Pitching: RHP Manny Pérez
Batting: RHB Bruce Ingilby 0-0: SINGLE (Line Drive, 4MD)
Batting: LHB Terrence Eler 0-0: Ball
1-0: Ball
2-0: 2-RUN HOME RUN (Flyball, 9D), Distance : 344 ft
Batting: RHB Felipe Campos 0-0: Called Strike
0-1: DOUBLE (Line Drive, 7LM)
Batting: LHB José Vargas 0-0: Foul Ball, location: 2F
0-1: Foul Ball, location: 2F
0-2: Ball
1-2: Ball
2-2: Ball
3-2: Fly out, F8 (Flyball, 89M)
Batting: SHB Corey Neace 0-0: SINGLE (Line Drive, 4MD)
Felipe Campos to third
Batting: LHB Sisto Pagnamenta 0-0: Foul Ball, location: 2F
0-1: Grounds into double play, 4-6-3 (Groundball, 4D)
Bottom of the 1st over - 2 run(s), 4 hit(s), 0 error(s), 1 left on base; Milton 0 - Royse City 2
TOP OF THE 2ND
Milton Dogfish Head batting - Pitching for Royse City Targaryens : RHP Edward Whipp
Batting: LHB António Ramos 0-0: Swinging Strike
0-1: Ball
1-1: Ball
2-1: Foul Ball, location: 2F
2-2: Strikes out looking
Batting: LHB Floyd Long 0-0: Called Strike
0-1: SINGLE (Groundball, 4MD)
Batting: LHB Edward Woodstock 0-0: Ball
1-0: Ball
2-0: Swinging Strike
2-1: Foul Ball, location: 2F
2-2: Fly out, F8 (Flyball, 8RM)
Batting: RHB David Sánchez 0-0: Fly out, F6 (Popup, 6)
Top of the 2nd over - 0 run(s), 1 hit(s), 0 error(s), 1 left on base; Milton 0 - Royse City 2
BOTTOM OF THE 2ND
Royse City Targaryens batting - Pitching for Milton Dogfish Head : RHP Manny Pérez
Batting: SHB Miguel Herrera 0-0: Called Strike
0-1: Swinging Strike
0-2: Ball
1-2: Strikes out swinging
Batting: RHB Bryant Skelly 0-0: Foul Ball, location: 2F
0-1: Swinging Strike
0-2: Ball
1-2: Foul Ball, location: 2F
1-2: Strikes out swinging
Batting: RHB Fernando Rivera 0-0: Ball
1-0: SINGLE (Groundball, 56D)
Batting: RHB Bruce Ingilby 0-0: Called Strike
Fernando Rivera steals 2nd base
0-1: Swinging Strike
0-2: Ground out 1-3 (Groundball, 15)
Bottom of the 2nd over - 0 run(s), 1 hit(s), 0 error(s), 1 left on base; Milton 0 - Royse City 2
TOP OF THE 3RD
Milton Dogfish Head batting - Pitching for Royse City Targaryens : RHP Edward Whipp
Batting: LHB Luis Vicenteno 0-0: Foul Ball, location: 2F
0-1: Fly out, F7 (Flyball, 7S)
Batting: SHB Javier Luna 0-0: Called Strike
0-1: Foul Ball, location: 2F
0-2: Strikes out swinging
Batting: RHB José Correa 0-0: Ball
1-0: Ball
2-0: Foul Ball, location: 2F
2-1: Called Strike
2-2: Foul Ball, location: 2F
2-2: Ball
3-2: Strikes out swinging
Top of the 3rd over - 0 run(s), 0 hit(s), 0 error(s), 0 left on base; Milton 0 - Royse City 2
BOTTOM OF THE 3RD
Royse City Targaryens batting - Pitching for Milton Dogfish Head : RHP Manny Pérez
Batting: LHB Terrence Eler 0-0: Ball
1-0: Fly out, F5 (Line Drive, 5SF)
Batting: RHB Felipe Campos 0-0: Called Strike
0-1: DOUBLE (Line Drive, 3D)
Batting: LHB José Vargas 0-0: Called Strike
0-1: Called Strike
0-2: Ball
1-2: Foul Ball, location: 2F
1-2: Strikes out swinging
Batting: SHB Corey Neace 0-0: Ball
1-0: Ball
2-0: Called Strike
2-1: Ground out 4-3 (Groundball, 4M)
Bottom of the 3rd over - 0 run(s), 1 hit(s), 0 error(s), 1 left on base; Milton 0 - Royse City 2
TOP OF THE 4TH
Milton Dogfish Head batting - Pitching for Royse City Targaryens : RHP Edward Whipp
Batting: LHB Víctor Robledo 0-0: Ground out 4-3 (Groundball, 4MS)
Batting: RHB Bryce Bancroft 0-0: Foul Ball, location: 2F
0-1: Swinging Strike
0-2: Strikes out swinging
Batting: LHB António Ramos 0-0: Reached on error, E3 (Groundball, 34)
Batting: LHB Floyd Long 0-0: Ball
1-0: Called Strike
1-1: Swinging Strike
1-2: Ball
2-2: 2-RUN HOME RUN (Flyball, 8LXD), Distance : 426 ft
Batting: LHB Edward Woodstock 0-0: Ball
1-0: Swinging Strike
1-1: Ball
2-1: SINGLE (Line Drive, 3S)
Batting: RHB David Sánchez 0-0: Ground out 6-3 (Groundball, 6S)
Top of the 4th over - 2 run(s), 2 hit(s), 1 error(s), 1 left on base; Milton 2 - Royse City 2
BOTTOM OF THE 4TH
Royse City Targaryens batting - Pitching for Milton Dogfish Head : RHP Manny Pérez
Batting: LHB Sisto Pagnamenta 0-0: Ball
1-0: Fly out, F4 (Popup, 4)
Batting: SHB Miguel Herrera 0-0: Called Strike
0-1: Foul Ball, location: 2F
0-2: Ball
1-2: Ball
2-2: Ball
3-2: Foul Ball, location: 2F
3-2: Base on Balls
Batting: RHB Bryant Skelly 0-0: Swinging Strike
0-1: Called Strike
0-2: Strikes out looking
Batting: RHB Fernando Rivera 0-0: Ball
1-0: Foul Ball, location: 2F
1-1: Ball
2-1: Swinging Strike
2-2: TRIPLE (Flyball, 9LM)
Miguel Herrera scores
Batting: RHB Bruce Ingilby 0-0: Ball
1-0: Called Strike
1-1: Fly out, F8 (Flyball, 8RM)
Bottom of the 4th over - 1 run(s), 1 hit(s), 0 error(s), 1 left on base; Milton 2 - Royse City 3
TOP OF THE 5TH
Milton Dogfish Head batting - Pitching for Royse City Targaryens : RHP Edward Whipp
Batting: LHB Luis Vicenteno 0-0: SINGLE (Line Drive, 56D)
Batting: SHB Javier Luna 0-0: Ball
1-0: Ball
2-0: Ball
3-0: Called Strike
3-1: Bunted foul
3-2: Ground out 4-3 (Groundball, 34D)
Luis Vicenteno to second
Batting: RHB José Correa 0-0: Called Strike
0-1: Ball
1-1: Ball
2-1: Ball
3-1: Foul Ball, location: 2F
3-2: Foul Ball, location: 2F
3-2: Foul Ball, location: 2F
3-2: Base on Balls
Batting: LHB Víctor Robledo 0-0: Called Strike
Luis Vicenteno is caught stealing 3rd base
José Correa to second
0-1: Swinging Strike
0-2: Ground out 4-3 (Groundball, 34)
Top of the 5th over - 0 run(s), 1 hit(s), 0 error(s), 1 left on base; Milton 2 - Royse City 3
BOTTOM OF THE 5TH
Royse City Targaryens batting - Pitching for Milton Dogfish Head : RHP Manny Pérez
Batting: LHB Terrence Eler 0-0: Called Strike
0-1: SINGLE (Flyball, 8RM)
Batting: RHB Felipe Campos 0-0: Called Strike
0-1: Ball
1-1: Ball
2-1: Foul Ball, location: 2F
2-2: SINGLE (Line Drive, 7LS)
Terrence Eler to second
Batting: LHB José Vargas 0-0: Ball
1-0: Swinging Strike
1-1: Swinging Strike
1-2: Grounds into double play, 4-6-3 (Groundball, 4M)
Terrence Eler to third
Batting: SHB Corey Neace 0-0: Ball
1-0: DOUBLE (Flyball, 8RM)
Terrence Eler scores
Batting: LHB Sisto Pagnamenta 0-0: Ball
1-0: Ball
2-0: Ball
3-0: Called Strike
3-1: Foul Ball, location: 2F
3-2: Base on Balls
Batting: SHB Miguel Herrera 0-0: Called Strike
0-1: Called Strike
0-2: Ball
1-2: Strikes out looking
Bottom of the 5th over - 1 run(s), 3 hit(s), 0 error(s), 2 left on base; Milton 2 - Royse City 4
TOP OF THE 6TH
Milton Dogfish Head batting - Pitching for Royse City Targaryens : RHP Edward Whipp
Batting: RHB Bryce Bancroft 0-0: Called Strike
0-1: Foul Ball, location: 2F
0-2: Ball
1-2: Ground out 4-3 (Groundball, 4)
Batting: LHB António Ramos 0-0: Ball
1-0: Ball
2-0: Fly out, F9 (Line Drive, 9)
Batting: LHB Floyd Long 0-0: Swinging Strike
0-1: Swinging Strike
0-2: Foul Ball, location: 2F
0-2: Foul Ball, location: 2F
0-2: Ball
1-2: Ball
2-2: SINGLE (Line Drive, 4MD)
Batting: LHB Edward Woodstock 0-0: Called Strike
0-1: Ball
1-1: Ball
2-1: Swinging Strike
2-2: SINGLE (Groundball, 6MD)
Floyd Long to second
Batting: RHB David Sánchez 0-0: Foul Ball, location: 2F
0-1: Ball
1-1: Foul Ball, location: 2F
1-2: Ground out 5-3 (Groundball, 5S)
Top of the 6th over - 0 run(s), 2 hit(s), 0 error(s), 2 left on base; Milton 2 - Royse City 4
BOTTOM OF THE 6TH
Royse City Targaryens batting - Pitching for Milton Dogfish Head : RHP Manny Pérez
Batting: RHB Bryant Skelly 0-0: Ball
1-0: Called Strike
1-1: Ground out 6-3 (Groundball, 6S)
Batting: RHB Fernando Rivera 0-0: Ball
1-0: Ball
2-0: Called Strike
2-1: Foul Ball, location: 2F
2-2: Strikes out swinging
Batting: RHB Bruce Ingilby 0-0: Foul Ball, location: 2F
0-1: Foul Ball, location: 2F
0-2: Ground out 6-3 (Groundball, 6)
Bottom of the 6th over - 0 run(s), 0 hit(s), 0 error(s), 0 left on base; Milton 2 - Royse City 4
TOP OF THE 7TH
Milton Dogfish Head batting - Pitching for Royse City Targaryens : RHP Edward Whipp
Batting: LHB Luis Vicenteno 0-0: Ball
1-0: Called Strike
1-1: Ball
2-1: Foul Ball, location: 2F
2-2: Ball
3-2: Foul Ball, location: 2F
3-2: Base on Balls
Batting: SHB Javier Luna 0-0: Ball
1-0: Called Strike
Luis Vicenteno steals 2nd base
1-1: Ball
2-1: Ball
3-1: Fly out, F7 (Flyball, 7S)
Batting: RHB José Correa 0-0: Ball
1-0: Foul Ball, location: 2F
1-1: Ball
2-1: Ball
3-1: Called Strike
3-2: Ground out 6-3 (Groundball, 56)
Pitching: LHP Dan Boyle
Batting: LHB Víctor Robledo 0-0: Foul Ball, location: 2F
0-1: Swinging Strike
0-2: Foul Ball, location: 2F
0-2: Ball
1-2: Fly out, F8 (Flyball, 8LS)
Top of the 7th over - 0 run(s), 0 hit(s), 0 error(s), 1 left on base; Milton 2 - Royse City 4
BOTTOM OF THE 7TH
Royse City Targaryens batting - Pitching for Milton Dogfish Head : RHP Manny Pérez
Batting: LHB Terrence Eler 0-0: Swinging Strike
0-1: Hit by Pitch
Batting: RHB Felipe Campos 0-0: Foul Ball, location: 2F
0-1: SINGLE (Line Drive, 8RM)
Terrence Eler to second
Pitching: LHP Santiago Mesa
Batting: LHB José Vargas 0-0: Foul Ball, location: 2F
0-1: Ball
1-1: Ball
2-1: Ball
3-1: Called Strike
3-2: Foul Ball, location: 2F
3-2: Foul Ball, location: 2F
3-2: Foul Ball, location: 2F
3-2: Base on Balls
Terrence Eler to third
Felipe Campos to second
Pinch Hitting: LHB Gonzalo Álvarez 0-0: Called Strike
0-1: Swinging Strike
0-2: Strikes out swinging
Pinch Hitting: RHB Héctor Ruíz 0-0: Ball
1-0: Swinging Strike
1-1: Called Strike
1-2: Ball
2-2: Ball
3-2: Grounds into fielders choice 4-2 (Groundball, 4)
Felipe Campos to third
José Vargas to second
Batting: SHB Miguel Herrera 0-0: Called Strike
0-1: Foul Ball, location: 2F
0-2: Foul Ball, location: 2F
0-2: Ball
1-2: Strikes out swinging
Bottom of the 7th over - 0 run(s), 1 hit(s), 0 error(s), 3 left on base; Milton 2 - Royse City 4
TOP OF THE 8TH
Milton Dogfish Head batting - Pitching for Royse City Targaryens : LHP Dan Boyle
Now at 3B: Jason Compton
Now in CF: Héctor Ruíz
Batting: RHB Bryce Bancroft 0-0: Fly out, F9 (Flyball, 9)
Batting: LHB António Ramos 0-0: Foul Ball, location: 2F
0-1: Foul Ball, location: 2F
0-2: Ground out 4-3 (Groundball, 4MS)
Batting: LHB Floyd Long 0-0: Swinging Strike
0-1: Called Strike
0-2: Ground out 3-1 (Groundball, 34S)
Top of the 8th over - 0 run(s), 0 hit(s), 0 error(s), 0 left on base; Milton 2 - Royse City 4
BOTTOM OF THE 8TH
Royse City Targaryens batting - Pitching for Milton Dogfish Head : LHP Santiago Mesa
Batting: RHB Bryant Skelly 0-0: Ball
1-0: Ball
2-0: Called Strike
2-1: Swinging Strike
2-2: Strikes out swinging
Batting: RHB Fernando Rivera 0-0: Ball
1-0: Ball
2-0: Ball
3-0: Base on Balls
Batting: RHB Bruce Ingilby 0-0: Ball
1-0: Ball
2-0: Called Strike
2-1: Ball
3-1: Called Strike
3-2: DOUBLE (Line Drive, 9LM)
Fernando Rivera to third
Runner from 3rd tries for Home, SAFE, no throw
Batting: LHB Terrence Eler 0-0: Called Strike
0-1: Called Strike
0-2: Ball
1-2: Ball
2-2: Ball
3-2: Fly out, F2 (Popup, 25)
Pitching: RHP Michael Brown
Batting: RHB Felipe Campos 0-0: Ground out 6-3 (Groundball, 6)
Bottom of the 8th over - 1 run(s), 1 hit(s), 0 error(s), 1 left on base; Milton 2 - Royse City 5
TOP OF THE 9TH
Milton Dogfish Head batting - Pitching for Royse City Targaryens : LHP Dan Boyle
Pitching: RHP Frank Castle
Batting: LHB Edward Woodstock 0-0: Ball
1-0: Ball
2-0: Foul Ball, location: 2F
2-1: Swinging Strike
2-2: Foul Ball, location: 2F
2-2: Ball
3-2: Foul Ball, location: 2F
3-2: Strikes out swinging
Batting: RHB David Sánchez 0-0: Ground out 6-3 (Groundball, 6)
Batting: LHB Luis Vicenteno 0-0: Foul Ball, location: 2F
0-1: Ball
1-1: Ground out 4-3 (Groundball, 34)
Top of the 9th over - 0 run(s), 0 hit(s), 0 error(s), 0 left on base; Milton 2 - Royse City 5
Thursday, August 31st, 2017 - OOTP Baseball 17.12 Build 75